 Dungeon Crawl Stone Soup version 0.30.0-10-gfe55d96785 (webtiles) character file.

Game seed: 17132624606240191867

186 RascalDebosk the Magician (level 5, -10/37 HPs)
             Began as a Djinni Fire Elementalist on May 14, 2023.
             Killed by divine providence
             ... invoked by an orc priest
              (12 damage)
             ... on level 4 of the Dungeon.
             The game lasted 00:14:12 (2349 turns).

RascalDebosk the Magician (DjFE)                    Turns: 2349, Time: 00:14:12

Health: -10/37     AC:  3    Str:  7    XL:     5   Next: 97%
Gold:   82         EV: 12    Int: 19    God:
                   SH:  0    Dex: 13

rFire   + + .        s - +0 dagger
rCold   x . .        (no shield)
rNeg    . . .        a - +0 robe
rPois   ∞            e - +0 helmet
rElec   .            (no cloak)
rCorr   .            (no gloves)
SInv    .            (boots unavailable)
Will    .....        (no amulet)
Stlth   ++           (no ring)
HPRegen 0.26/turn    (no ring)
MPRegen 0.00/turn

%: infuse magic (-11 HP)
@: flying, very slightly contaminated
A: sickness immunity, fire resistance 2, cold vulnerability 1, float, innate
caster, HP casting, extra vitality 1
a: no special abilities


You were on level 4 of the Dungeon.
You visited 1 branch of the dungeon, and saw 4 of its levels.

You collected 158 gold pieces.
You spent 76 gold pieces at shops.

Inventory:

Hand Weapons
 s - a +0 dagger (weapon)
Missiles
 x - a throwing net {@!f}
Armour
 a - a +0 robe (worn)
 c - a +0 ring mail
 e - a +0 helmet (worn)
 p - a +0 kite shield
Wands
 q - a wand of iceblast (8)
Scrolls
 g - a scroll of fear {unknown}
 h - a scroll of amnesia {unknown}
 i - 2 scrolls of enchant armour {unknown}
 j - a scroll of blinking {unknown}
 l - a scroll of enchant weapon {unknown}
 n - a scroll of teleportation {unknown}
 t - a scroll of immolation {unknown}
 u - a scroll of poison {unknown}
 w - a scroll of identify {unknown}
Potions
 b - 2 potions of invisibility {unknown}
 d - a potion of curing {unknown}
 f - a potion of ambrosia {unknown}
 k - a potion of haste {unknown}
 m - a potion of might {unknown}
 o - 2 potions of flight {unknown}
 r - a potion of magic {unknown}
 v - a potion of cancellation {unknown}
 z - a potion of mutation {unknown}


   Skills:
 * Level 1.2 Fighting
 + Level 0.7 Short Blades
 + Level 1.0 Armour
 - Level 2.1 Dodging
 - Level 1.5 Stealth
 + Level 0.9 Shields
 * Level 4.1 Spellcasting
 + Level 0.7 Evocations


You knew the following spells:

 Your Spells              Type           Power      Damage    Failure   Level
a - Foxfire               Conj/Fire      76%        2x1d7     2%          1
b - Scorch                Fire           38%        2d7       3%          2
c - Volatile Blastmotes   Fire/Tloc      38%        2d13      8%          3
d - Inner Flame           Hex/Fire       19%        N/A       8%          3
e - Flame Wave            Conj/Fire      19%        2d7       24%         4
f - Necrotise             Necr           76%        1d7       2%          1
g - Searing Ray           Conj           38%        2d5       3%          2
Your spell library was empty.

Dungeon Overview and Level Annotations

Branches:
Dungeon (4/15)
 Temple: D:4-7

Altars:
Wu Jian

Shops:
D:1 [


Innate Abilities, Weirdness & Mutations

You are immune to sickness and miasma.
You are immune to poison.
Your flesh is very heat resistant. (rF++)
You are vulnerable to cold. (rC-)
You float through the air rather than walking.
You learn spells naturally, not from books.
Your magical power is your life essence.
You have superior vitality. (+4 MHP)


Message History

Confirm with . or Enter, or press ? or * to list all spells.
You conjure some foxfire!
Casting: Foxfire (safe; 2% risk of failure)
Confirm with . or Enter, or press ? or * to list all spells.
You conjure some foxfire!
The foxfire hits the giant cockroach.
You kill the giant cockroach!
A scorpion is nearby!
The foxfire hits the scorpion but does no damage. x2
The foxfire hits the scorpion.
The scorpion is moderately wounded.
Casting: Foxfire (safe; 2% risk of failure)
Confirm with . or Enter, or press ? or * to list all spells.
Flames lash the scorpion.
The scorpion is heavily wounded.
The scorpion's fire resistance burns away.
The scorpion barely misses you.
Casting: Scorch (safe; 3% risk of failure)
Confirm with . or Enter, or press ? or * to list all spells.
Flames lash the scorpion.
The scorpion is burned terribly!
The scorpion is almost dead.
The scorpion barely misses you.
Casting: Scorch (safe; 3% risk of failure)
Confirm with . or Enter, or press ? or * to list all spells.
Flames lash the scorpion.
The scorpion is burned terribly!
You kill the scorpion!
Your Fighting skill increases to level 1!
Your Armour skill increases to level 1!
You now have 63 gold pieces (gained 8).
Found 4 boomerangs of dispersal.
x - a throwing net {@!f}
Found an escape hatch in the floor.
z - a bubbling white potion
Casting: Scorch (safe; 3% risk of failure)
Confirm with . or Enter, or press ? or * to list all spells.
You can't see any susceptible monsters within range! (Use Z to cast anyway.)
You now have 82 gold pieces (gained 19).
You reach down and open the door.
There is an open door here.
A kobold comes into view. It is wielding a +0 short sword.
Casting: Scorch (safe; 3% risk of failure)
Confirm with . or Enter, or press ? or * to list all spells.
Flames lash the kobold.
You kill the kobold!
Found an escape hatch in the ceiling.
Casting: Scorch (safe; 3% risk of failure)
Confirm with . or Enter, or press ? or * to list all spells.
You can't see any susceptible monsters within range! (Use Z to cast anyway.)
There is an open door here.
An orc priest comes into view.
It is wielding a +0 dagger and wearing a +0 scale mail of fire resistance.
Found a spear.
The orc priest shouts!
You hear a shout!
The orc priest calls down the wrath of Beogh upon you.
Beogh smites you! 2 orcs and an endoplasm come into view.
An orc comes into view. It is wielding a +0 hand axe.
Casting: Scorch (safe; 3% risk of failure)
Confirm with . or Enter, or press ? or * to list all spells.
You can't see any susceptible monsters within range! (Use Z to cast anyway.)
Casting: Scorch (safe; 3% risk of failure)
Confirm with . or Enter, or press ? or * to list all spells.
You conjure some foxfire!
The orc shouts! x2
The endoplasm quivers.
The foxfire hits the orc priest but does no damage.
The foxfire hits the orc priest.
The orc priest resists.
The orc priest is moderately wounded.
Casting: Foxfire (safe; 2% risk of failure)
Confirm with . or Enter, or press ? or * to list all spells.
You conjure some foxfire!
Your foxfire dissipates!
The foxfire hits the orc priest.
The orc priest resists.
The orc priest is heavily wounded.
Casting: Foxfire (safe; 2% risk of failure)
Confirm with . or Enter, or press ? or * to list all spells.
Flames lash the orc priest.
The orc priest resists.
The orc priest is heavily wounded.
The orc priest's fire resistance burns away.
The orc priest looks encouraged for a moment.
Casting: Scorch (safe; 3% risk of failure)
Confirm with . or Enter, or press ? or * to list all spells.
You miscast Scorch.
You are very lightly contaminated with residual magic.
Nothing appears to happen.
The orc priest calls down the wrath of Beogh upon you.
Pain shoots through your body!
* * * LOW HITPOINT WARNING * * *
Casting: Scorch (safe; 3% risk of failure)
Confirm with . or Enter, or press ? or * to list all spells.
You conjure some foxfire!
* * * LOW HITPOINT WARNING * * *
The orc priest is no longer more vulnerable to fire.
Your foxfire dissipates!
The foxfire hits the orc priest.
The orc priest resists.
The orc priest is severely wounded.
The orc priest calls down the wrath of Beogh upon you.
Beogh smites you!
* * * LOW HITPOINT WARNING * * *
The orc priest mumbles some strange prayers to Beogh against you.
Beogh smites you!
You die...

#......#..............#
#......#..............#
#<.....#..............#
#......#..............#
#..########'##..###########
####...####.######...##...##
#...>....................#
#........................#
#........@............(..#
#........................#
#........................#
#.....oo.................#
##...oo###...#####+##...##
#...J.# #######...##...##
...........# #..........#
...........# #..........#
...........# +..........#


You could see an orc priest, 3 orcs and an endoplasm.

Vanquished Creatures
  A scorpion (D:4)
  3 gnolls (D:4)
  3 adders
  2 worms
  2 dart slugs (D:3)
  An orc (D:2)
  2 ball pythons (D:2)
  7 bats
  9 endoplasms
  A giant cockroach (D:4)
  A goblin (D:2)
  7 hobgoblins
  4 quokkas
  A frilled lizard (D:1)
  10 kobolds
  8 rats
62 creatures vanquished.

Vanquished Creatures (collateral kills)
  A ball python (D:2)
1 creature vanquished.

Vanquished Creatures (others)
  211 foxfires
211 creatures vanquished.

Grand Total: 274 creatures vanquished

Notes
Turn   | Place    | Note
-------+----------+-------------------------------------------
     0 | D:1      | RascalDebosk the Djinni Fire Elementalist began the quest
                  | for the Orb.
     0 | D:1      | RascalDebosk set off with the following spells memorised:
                  | Foxfire, Scorch, Volatile Blastmotes, Inner Flame, Flame
                  | Wave.
     0 | D:1      | Reached XP level 1. HP: 15/15 MP: 0/0
    19 | D:1      | Found Lyajiah's Antique Armour Shop.
   289 | D:1      | Reached XP level 2. HP: 19/21 MP: 0/0
   340 | D:1      | You are sucked into a shaft and drop 1 floor!
   454 | D:2      | Reached skill level 3 in Spellcasting
   673 | D:1      | Reached XP level 3. HP: 23/25 MP: 0/0
   673 | D:1      | Learned a level 1 spell: Necrotise
  1023 | D:2      | Reached XP level 4. HP: 22/31 MP: 0/0
  1331 | D:1      | Bought a kite shield for 76 gold pieces
  1360 | D:3      | Found a faded altar of an unknown god.
  1557 | D:3      | Reached skill level 4 in Spellcasting
  1676 | D:3      | Found an ornate altar of the Wu Jian Council.
  2046 | D:4      | Reached XP level 5. HP: 21/36 MP: 0/0
  2046 | D:4      | Learned a level 2 spell: Searing Ray
  2201 | D:4      | Reached skill level 1 in Fighting
  2201 | D:4      | Reached skill level 1 in Armour
  2349 | D:4      | Killed from afar by an orc priest

Illustrated notes

Levels and vault maps discovered:
D:1:      mainiacjoe_arrival_reflecting_pool, layout_rooms, serial_shops, shop,
          minmay_hexomino_p4
D:2:      layout_basic, nrook_uturn
D:3:      layout_basic, mainiacjoe_overflow_alcove_1,
          ebering_ecumenical_altar_abandoned
D:4:      layout_gridville, lemuel_coloured_pillars_altar

Skill      XL: |  1  2  3  4  5 |
---------------+----------------+-----
Spellcasting   | 3 4 |  4.1
Fighting       | 1 |  1.2
Armour         | 1 |  1.0
Short Blades   | |  0.7
Dodging        | |  2.1
Stealth        | |  1.5
Shields        | |  0.9
Evocations     | |  0.7

Action                     |  1- 3 |  4- 6 || total
---------------------------+-------+-------++-------
   Cast: Foxfire           |    53 |    74 ||   127
         Scorch            |    11 |    10 ||    21
         Necrotise         |    12 |       ||    12
         Searing Ray       |       |     1 ||     1
 Armour: Robe              |     3 |       ||     3
  Dodge: Dodged            |     5 |     7 ||    12
